AoeStats
← AmbassadorKaifa

Arena

505246540Analyzed
4v4 RM · 23d ago on Sep 8, 2026· 79m 24s· 8 players
Game mode
Random Map
Map size
Large (8 player)
Population
200
Speed
Normal
Resources
Standard
Victory
Conquest
Starting age
Dark Age
Ending age
Imperial Age
RankedLock teamsTeams togetherTeam positionsShared explorationLock speedFull tech treeHidden civsTurbo modeCheats
Victory
Defeat
🇩🇪 Vietnamese · Germany
1045
+17
🇨🇿 Malay · Czechia
1040
+17
🇬🇷 Huns · Greece
1037
+17
🇷🇺 Wu · Russia
1004
+19
🇹🇼 Saracens · Taiwan
1163
-21
🇹🇼 Bohemians · Taiwan
1100
-19
🇹🇼 Spanish · Taiwan
1038
-16
🇹🇼 Vietnamese · Taiwan
967
-14
boo
10:43 Feudal Age
12:09 Double-Bit Axe
12:36 Horse Collar
15:11 Castle Age
16:16 Bow Saw
16:10 Heavy Plow
22:53 Wheelbarrow
22:41 Gold Mining
28:03 Imperial Age
26:46 Hand Cart
26:54 Marauders
27:33 Scale Barding Armor
27:29 Scale Mail Armor
27:40 Forging
28:03 Husbandry
28:16 Bloodlines
29:16 Gold Shaft Mining
28:18 Elite Tarkan
29:20 Conscription
29:24 Loom
31:36 Chain Barding Armor
31:31 Chain Mail Armor
31:53 Iron Casting
33:14 Plate Barding Armor
34:07 Padded Archer Armor
33:58 Fletching
34:29 Elite Skirmisher
35:16 Thumb Ring
36:45 Blast Furnace
36:59 Leather Archer Armor
37:01 Bodkin Arrow
38:03 Ballistics
37:39 Imperial Skirmisher
37:57 Light Cavalry
39:27 Hussar
40:48 Bracer
68:46 Caravan
FBM
11:22 Feudal Age
16:41 Castle Age
15:26 Horse Collar
15:32 Double-Bit Axe
18:07 Bow Saw
18:00 Heavy Plow
24:15 Loom
25:40 Wheelbarrow
31:07 Imperial Age
28:55 Fletching
29:05 Padded Archer Armor
29:28 Ballistics
29:38 Bodkin Arrow
30:48 Hand Cart
30:51 Leather Archer Armor
31:00 Thumb Ring
30:59 Gold Mining
31:11 Crossbowman
33:44 Chemistry
32:16 Elite Skirmisher
33:54 Bracer
33:23 Imperial Skirmisher
34:23 Arbalester
35:36 Ring Archer Armor
37:30 Two-Man Saw
45:20 Pikeman
46:02 Scale Mail Armor
46:12 Forging
47:07 Paper Money
46:59 Halberdier
48:24 Squires
49:00 Iron Casting
48:41 Chain Mail Armor
49:07 Arson
66:49 Capped Ram
71:19 Plate Mail Armor
blackslim
10:29 Feudal Age
10:20 Double-Bit Axe
17:10 Castle Age
17:02 Husbandry
17:14 Scale Barding Armor
17:27 Bow Saw
18:37 Horse Collar
23:11 Forging
24:41 Wheelbarrow
23:55 Town Watch
24:41 Heavy Plow
26:40 Iron Casting
27:18 Hand Cart
34:28 Imperial Age
34:49 Gold Mining
37:51 Blast Furnace
36:29 Elite Battle Elephant
39:07 Ballistics
39:47 Chemistry
38:44 Murder Holes
38:43 Fletching
41:09 Bodkin Arrow
51:20 Caravan
55:45 Siege Engineers
57:39 Forced Levy
57:02 Man-at-Arms
57:43 Squires
57:47 Bracer
64:13 Light Cavalry
64:24 Long Swordsman
65:05 Two-Handed Swordsman
75:11 Town Patrol
AmbassadorKaifa
10:50 Feudal Age
13:02 Double-Bit Axe
13:07 Loom
15:59 Castle Age
13:50 Horse Collar
14:53 Stone Mining
14:54 Gold Mining
15:15 Fletching
16:53 Wheelbarrow
18:48 Bow Saw
27:21 Padded Archer Armor
28:12 Ballistics
33:06 Bodkin Arrow
39:31 Imperial Age
36:47 Town Watch
37:20 Hand Cart
36:50 Town Watch
37:50 Gold Shaft Mining
37:51 Stone Shaft Mining
37:56 Red Cliffs Tactics
40:15 Leather Archer Armor
40:16 Bracer
40:32 Leather Archer Armor
39:40 Elite Fire Archer
43:04 Caravan
44:03 Heavy Plow
44:07 Scale Mail Armor
44:18 Forging
43:31 Pikeman
44:12 Squires
44:00 Arson
45:57 Chemistry
46:19 Chain Mail Armor
46:39 Iron Casting
48:09 Halberdier
50:44 Guilds
51:05 Coinage
53:22 Plate Mail Armor
53:52 Blast Furnace
52:49 Murder Holes
52:34 Treadmill Crane
53:05 Masonry
54:42 Sitting Tiger
55:04 Conscription
54:53 Scale Barding Armor
55:19 Architecture
57:58 Town Patrol
60:56 Heavy Scorpion
65:11 Chain Barding Armor
69:50 Plate Barding Armor
71:45 Two-Man Saw
春元胯下巨蟒
11:36 Feudal Age
15:35 Castle Age
15:00 Stone Mining
15:45 Loom
18:25 Double-Bit Axe
25:48 Bow Saw
27:41 Wheelbarrow
32:01 Scale Barding Armor
32:08 Forging
32:18 Bloodlines
32:08 Husbandry
33:59 Horse Collar
34:31 Gold Mining
37:03 Chain Barding Armor
38:16 Hand Cart
41:37 Forging
42:46 Heavy Plow
46:55 Imperial Age
48:34 Cavalier
51:04 Plate Barding Armor
51:05 Iron Casting
54:43 Blast Furnace
58:04 Light Cavalry
62:30 Hussar
71:12 Stone Shaft Mining
東塔取蜜
11:04 Feudal Age
14:58 Castle Age
13:22 Double-Bit Axe
13:26 Horse Collar
17:47 Bow Saw
17:38 Heavy Plow
18:22 Crossbowman
19:26 Fletching
21:26 Ballistics
22:13 Bodkin Arrow
23:45 Treadmill Crane
26:40 Wheelbarrow
25:52 Loom
25:54 Town Watch
27:22 Pikeman
29:01 Thumb Ring
30:30 Hand Cart
31:34 Fortified Wall
31:50 Padded Archer Armor
39:06 Gold Mining
45:05 Imperial Age
45:40 Scale Mail Armor
45:51 Forging
45:05 Pikeman
45:13 Elite Fire Lancer
46:03 Squires
46:06 Bracer
48:05 Crop Rotation
48:40 Two-Man Saw
48:00 Chain Mail Armor
48:20 Iron Casting
47:07 Halberdier
47:52 Capped Ram
48:26 Arbalester
51:22 Leather Archer Armor
51:38 Plate Mail Armor
54:09 Paper Money
54:54 Chemistry
53:55 Murder Holes
57:47 Hoardings
57:20 Siege Engineers
57:16 Elite Skirmisher
62:23 Light Cavalry
63:32 Imperial Skirmisher
66:56 Scale Barding Armor
67:31 Ring Archer Armor
72:40 Bombard Tower
75:10 Caravan
世紀垃圾
10:42 Feudal Age
14:48 Castle Age
12:48 Double-Bit Axe
13:33 Horse Collar
14:53 Loom
15:48 Bow Saw
20:39 Fletching
20:29 Elite Skirmisher
22:36 Bodkin Arrow
25:46 Heavy Plow
29:09 Imperial Age
28:30 Chemistry
27:43 Padded Archer Armor
28:46 Ballistics
29:13 Scale Mail Armor
29:27 Forging
28:42 Pikeman
32:44 Two-Man Saw
32:10 Imperial Skirmisher
34:04 Bracer
36:40 Wheelbarrow
36:51 Leather Archer Armor
42:13 Hand Cart
43:02 Ring Archer Armor
45:38 Town Watch
51:11 Elite Hussite Wagon
54:05 Houfnice
56:58 Town Patrol
60:41 Light Cavalry
76:54 Scale Barding Armor
76:50 Scale Mail Armor
老雞白
11:25 Feudal Age
12:34 Double-Bit Axe
15:31 Castle Age
13:56 Horse Collar
16:35 Bow Saw
16:27 Heavy Plow
22:36 Wheelbarrow
24:01 Gold Mining
24:02 Stone Mining
28:21 Imperial Age
25:39 Loom
25:41 Town Watch
26:29 Scale Barding Armor
27:11 Hand Cart
27:43 Chain Barding Armor
27:34 Forging
28:08 Bloodlines
27:59 Husbandry
28:11 Light Cavalry
30:33 Chemistry
30:47 Two-Man Saw
30:29 Plate Barding Armor
30:29 Iron Casting
32:16 Conscription
31:18 Elite Mameluke
34:03 Blast Furnace
35:20 Fletching
35:59 Padded Archer Armor
36:23 Ballistics
38:10 Caravan
37:55 Hussar
42:58 Siege Engineers
58:05 Elite Skirmisher
58:51 Thumb Ring
63:15 Bodkin Arrow
69:36 Imperial Skirmisher
70:55 Masonry
75:30 Bracer
77:37 Leather Archer Armor
77:06 Treadmill Crane
Connection lost

Rejoining the realm…

Still unreachable

The connection could not be restored.

Session expired

The server has moved on; the page needs a fresh start.